 Seeded DCSS version 0.29-a0-982-gaed3a0c8d8 (webtiles) character file.

Game seed: 10461008655869470519 (custom seed)

11 flotson the Sneak (level 2, 0/24 HPs)
             Began as a Demonspawn Delver on Aug 2, 2022.
             Succumbed to an adder's poison
             ... on level 4 of the Dungeon.
             The game lasted 00:00:56 (116 turns).

flotson the Sneak (Demonspawn Delver)                Turns: 116, Time: 00:00:57

Health: 0/24       AC:  3    Str: 12    XL:     2   Next: 17%
Magic:  2/2        EV: 12    Int: 11    God:
Gold:   0          SH:  0    Dex: 14    Spells: 1/1 levels left

rFire   . . .      SeeInvis .   b - +0 dagger (speed)
rCold   . . .      Faith    .   (no shield)
rNeg    . . .      Spirit   .   d - +0 leather armour
rPois   .          Reflect  .   (no helmet)
rElec   .          Harm     .   (no cloak)
rCorr   .          Rampage  .   (no gloves)
Will    .....                   (no boots)
Stlth   ++........              (no amulet)
HPRegen 0.08/turn               (no ring)
MPRegen 0.08/turn               (no ring)

@: lethally poisoned (0 -> -1)
A: spiny 1
a: no special abilities


You were on level 4 of the Dungeon.
You visited 1 branch of the dungeon, and saw 3 of its levels.

Inventory:

Hand Weapons
 a - a +0 spear
 b - a +0 dagger of speed (weapon)
Armour
 d - a +0 leather armour (worn)
Wands
 g - a wand of digging (2)
Scrolls
 c - a scroll of fog
 e - a scroll of fear
Potions
 f - a potion of haste


   Skills:
 + Level 3.1 Fighting
 - Level 1.7 Polearms
 + Level 0.5 Armour
 + Level 2.0 Dodging
 - Level 4.5 Stealth
 + Level 0.7 Evocations


You had one spell level left.
You didn't know any spells.
Your spell library was empty.

Dungeon Overview and Level Annotations

Branches:
Dungeon (6/15)
 Temple: D:4-7

Altars:


Innate Abilities, Weirdness & Mutations

You are partially covered in sharp spines.


Message History

You miss the adder.
The adder is moderately wounded.
The adder bites you.
You hit the adder.
The adder is severely wounded.
You barely miss the adder.
The adder is severely wounded.
The adder bites you.
You are poisoned.
The adder poisons you!
You hit the adder but do no damage.
The adder is severely wounded.
You feel sick. The adder bites you.
You are lethally poisoned!
The adder poisons you!
You hit the adder.
You kill the adder!
You feel sick.
Your Dodging skill increases to level 2!
You have reached level 2!
Your demonic ancestry asserts itself...
Sharp spines emerge from parts of your body.
There is a lethal amount of poison in your body!
There is a lethal amount of poison in your body!
Okay, then.
You feel sick.
* * * LOW HITPOINT WARNING * * *
You feel sick.
Found a trident and 12 gold pieces.
* * * LOW HITPOINT WARNING * * *
You feel sick.
* * * LOW HITPOINT WARNING * * *
You feel sick.
* * * LOW HITPOINT WARNING * * *
You feel sick.
* * * LOW HITPOINT WARNING * * *
You feel sick.
* * * LOW HITPOINT WARNING * * *
You feel sick.
You die...

.......#..##
###.##..#.#...#
#...##†.#.#...#
###.####†.......###
....#.........#...
.####.##.####.#.######
.# #.##.# #.........#
.####.######..#..#.#.#
......>...##..#.@.)#
####.####.#####.#.##
#.####.# #...$.
#......# #######
########


There were no monsters in sight!

Vanquished Creatures
  An adder (D:4)
  An endoplasm (D:4)
  A goblin (D:4)
3 creatures vanquished.

Notes
Turn   | Place    | Note
-------+----------+-------------------------------------------
     0 | D:5      | flotson the Demonspawn Delver began the quest for the Orb.
     0 | D:5      | Reached XP level 1. HP: 18/18 MP: 1/1
     1 | D:6      | Noticed a centaur
    14 | D:5      | Noticed a phantom
    36 | D:5      | Noticed a hound
   109 | D:4      | Gained mutation: You are partially covered in sharp spines.
                  | [demonic ancestry]
   109 | D:4      | Reached XP level 2. HP: 11/24 MP: 2/2
   115 | D:4      | HP: 1/24 [poisoned by an adder]
   116 | D:4      | Succumbed to an adder's poison

Illustrated notes

Levels and vault maps discovered:
D:4:      layout_basic, minmay_misc_feat_secret_circle
D:5:      kennysheep_kobold_camp, layout_gridville
D:6:      layout_rooms, nicolae_overflow_hidden_temple,
          mainiacjoe_overflow_small_starburst, mainiacjoe_overflow_tiny_flanked,
          dreamdust_mushroom_princess, kennysheep_cross_room

Skill      XL: |  1 |
---------------+----+-----
Dodging        | 2 |  2.0
Fighting       | |  3.1
Polearms       | |  1.7
Armour         | |  0.5
Stealth        | |  4.5
Evocations     | |  0.7

Action                   || total
-------------------------++-------
Melee: Dagger            ||    15
       Spear             ||     2
Evoke: Wand              ||     1
  Use: Scroll            ||     1
Armor: Leather armour    ||     3
Dodge: Dodged            ||     5

Table legend: (Time is in decaauts)
 A = Elapsed time spent in this place.
 B = Non-inter-level travel time spent in this place.
 C = Inter-level travel time spent in this place.
 D = Time resting spent in this place.
 E = Time spent auto-exploring this place.
 F = Levels seen in this place.
 G = Mean time per level.
                   A        B        C        D        E       F      G
               +--------+--------+--------+--------+--------+-----+--------+
         Total |    110 |    110 |      0 |      0 |     29 |   3 |   36.7 |
       Dungeon |    110 |    110 |      0 |      0 |     29 |   3 |   36.7 |
               +--------+--------+--------+--------+--------+-----+--------+

Top non-repeatable levels by time:
     D:4: 71 daAuts
     D:5: 37 daAuts
     D:6: 1 daAuts
